 Dungeon Crawl Stone Soup version 0.22.1-1-ga44c0e56f4 (webtiles) character file.

46 Jannitor the Charmwright (level 3, -1/29 HPs)
             Began as a Demigod Skald on Oct 25, 2018.
             Slain by an iguana (12 damage)
             ... on level 2 of the Dungeon.
             The game lasted 00:06:29 (1600 turns).

Jannitor the Charmwright (Demigod Skald)            Turns: 1600, Time: 00:06:30

Health: -1/29      AC:  2    Str: 14    XL:     3   Next: 26%
Magic:  2/8        EV: 11    Int: 19    God:
Gold:   46         SH:  0    Dex: 15    Spells: 2/5 levels left

rFire    + . .     SeeInvis .   a - +0 spear
rCold    + . .     Gourm    .   (no shield)
rNeg     . . .     Faith    .   e - +0 ring mail
rPois    +         Spirit   .   (no helmet)
rElec    +         Reflect  .   (no cloak)
rCorr    +         Harm     .   (no gloves)
MR       .....                  (no boots)
Stlth    +.........             (no amulet)
HPRegen  0.09/turn              h - ring of resist corrosion
MPRegen  0.11/turn              (no ring)

@: resistant, infused, very slightly contaminated
A: deformed body, high mp 1
a: no special abilities


You were on level 2 of the Dungeon.
You were not hungry.

You visited 1 branch of the dungeon, and saw 2 of its levels.

You collected 46 gold pieces.

Inventory:

Hand Weapons
 a - a +0 spear (weapon)
Missiles
 i - 52 stones (quivered)
Armour
 b - a +0 leather armour
 e - a +0 ring mail (worn)
Jewellery
 h - a ring of resist corrosion (left hand)
Scrolls
 c - 3 scrolls of identify {unknown}
 f - a scroll of teleportation {unknown}
 g - a scroll of magic mapping {unknown}
 m - a scroll of amnesia {unknown}
 n - 2 scrolls of remove curse {unknown}
 o - a scroll of noise {unknown}
Potions
 k - a potion of berserk rage {unknown}
Comestibles
 d - 2 rations
 p - 3 chunks of flesh


   Skills:
 + Level 2.1 Fighting
 * Level 2.6 Polearms
 + Level 1.3 Armour
 - Level 1.7 Dodging
 - Level 1.7 Spellcasting
 + Level 3.0 Charms
 + Level 0.4 Translocations


You had 2 spell levels left.
You knew the following spells:

 Your Spells              Type           Power        Failure   Level  Hunger
a - Infusion              Chrm           ##..         11%         1    #......
b - Shroud of Golubria    Chrm/Tloc      #.........   26%         2    ###....

Your spell library contained the following spells:

 Spells                   Type           Power        Failure   Level  Hunger
 Song of Slaying          Chrm           ##......     16%         2    ###....
 Regeneration             Chrm/Necr      #.........   50%         3    ###....
 Spectral Weapon          Hex/Chrm       #.......     50%         3    ###....


Dungeon Overview and Level Annotations

Branches:
Dungeon (2/15)


Innate Abilities, Weirdness & Mutations

You have an increased reservoir of magic. (+10% MP)
Armour fits poorly on your strangely shaped body.


Message History

You hit the iguana.
The iguana is moderately wounded.
The iguana bites you!
Your shroud falls apart!
You hit the iguana.
The iguana is severely wounded.
The iguana bites you.
You hit the iguana but do no damage.
The iguana is severely wounded.
The iguana closely misses you.
It was a potion of mutation.
You feel extremely strange.
You feel clumsy.
Your body twists and deforms.
You feel agile. The iguana bites you.
You hit the iguana.
The iguana is severely wounded.
The iguana misses you.
It was a potion of resistance.
You feel protected. The iguana bites you!
You die...

..........
......###
####......#
(.#####.......#.#
..............#.#
...###....)...g#.##
...............#..#
....#.........g#..#
....###........#@#
.....##........#l#
..#....#.......gg#
................##
....<..........##
..............##
...........####
...........#
...........#


You could see an iguana and 2 goblins.

Vanquished Creatures
  An adder (D:2)
  A dart slug (D:1)
  A leopard gecko (D:2)
  6 bats
  A giant cockroach (D:1)
  2 goblins
  6 hobgoblins (D:1)
  2 jackals (D:1)
  A quokka (D:2)
  5 frilled lizards
  5 kobolds (D:1)
  2 rats (D:1)
33 creatures vanquished.

Notes
Turn   | Place    | Note
-------+----------+-------------------------------------------
     0 | D:1      | Jannitor the Demigod Skald began the quest for the Orb.
     0 | D:1      | Reached XP level 1. HP: 17/17 MP: 5/5
   283 | D:1      | Reached skill level 1 in Armour
   494 | D:2      | Reached XP level 2. HP: 24/24 MP: 4/7
   498 | D:2      | Learned a level 2 spell: Shroud of Golubria
  1255 | D:1      | Reached skill level 3 in Charms
  1390 | D:2      | Reached XP level 3. HP: 29/29 MP: 4/8
  1453 | D:2      | Found a glowing silver altar of Zin.
  1453 | D:2      | Found an opulent altar of Gozag.
  1598 | D:2      | Gained mutation: You are clumsy. (Dex -2) [potion of
                  | mutation]
  1598 | D:2      | Gained mutation: Armour fits poorly on your strangely
                  | shaped body. [potion of mutation]
  1598 | D:2      | Lost mutation: You are clumsy. (Dex -2) [potion of
                  | mutation]
  1600 | D:2      | Slain by an iguana

Skill      XL: |  1  2 |
---------------+-------+-----
Polearms       | 2 |  2.6
Armour         | 1 |  1.3
Fighting       | 2 |  2.1
Charms         | 3 |  3.0
Dodging        | |  1.7
Spellcasting   | |  1.7
Translocations | |  0.4

Action                   || total
-------------------------++-------
Melee: Spear             ||   109
 Cast: Infusion          ||    21
       Shroud of Golubri ||     4
  Use: Potion            ||     2
  Eat: Chunk             ||     3
Armor: Leather armour    ||     3
       Ring mail         ||    26
Dodge: Dodged            ||    48
